 Dungeon Crawl Stone Soup version 0.22-a0-448-g1fb7470 (webtiles) character file.

1092 ohad the Carver (level 8, -1/56 HPs)
             Began as a Demonspawn Gladiator on June 4, 2018.
             Was a Follower of Makhleb.
             Killed from afar by an electric eel (8 damage)
             ... with a bolt of electricity
             ... on level 6 of the Dungeon.
             The game lasted 00:13:07 (5220 turns).

ohad the Carver (Demonspawn Gladiator)              Turns: 5220, Time: 00:13:08

Health: -1/56      AC: 10    Str: 16    XL:     8   Next: 9%
Magic:  8/8        EV: 16    Int:  9    God:    Makhleb [*.....]
Gold:   35         SH:  0    Dex: 21    Spells: 7/7 levels left

rFire    + . .     SeeInvis .   a - +0 long sword
rCold    . . .     Gourm    .   (no shield)
rNeg     . . .     Faith    .   r - +0 scale mail
rPois    .         Spirit   .   c - +0 helmet
rElec    .         Reflect  .   g - +0 cloak
rCorr    .         Harm     .   (no gloves)
MR       .....                  (no boots)
Stlth    +.........             (no amulet)
HPRegen  0.18/turn              (no ring)
MPRegen  0.11/turn              (no ring)

@: agile
A: hooves 2, thin metallic scales 1, fire resistance 1, powered by death 1
a: Renounce Religion


You were on level 6 of the Dungeon.
You worshipped Makhleb.
Makhleb was aware of your devotion.
You were not hungry.

You visited 1 branch of the dungeon, and saw 6 of its levels.

You collected 203 gold pieces.
You spent 168 gold pieces at shops.

Inventory:

Hand Weapons
 a - a +0 long sword (weapon)
 w - a cursed -2 dagger
 A - a +0 rapier
Missiles
 d - a throwing net (quivered)
 z - 26 poisoned needles
Armour
 b - a +0 leather armour
 c - a +0 helmet (worn)
 g - a +0 cloak (worn)
 k - a +0 ring mail
 r - a +0 scale mail (worn)
 s - a +3 leather armour
 y - a +0 pair of gloves
 D - a +0 cloak
 H - a +3 leather armour of cold resistance
Jewellery
 l - an uncursed ring of stealth {unknown}
Wands
 G - a wand of iceblast (8)
Scrolls
 h - 3 scrolls of blinking {unknown}
 i - a scroll of random uselessness {unknown}
 j - 2 scrolls of amnesia {unknown}
 m - 6 scrolls of remove curse
 n - 4 scrolls of identify
 p - 2 scrolls of enchant armour {unknown}
 q - 2 scrolls of fear {unknown}
 t - a scroll of enchant weapon {unknown}
 u - a scroll of teleportation {unknown}
 v - a scroll of magic mapping {unknown}
Potions
 e - 3 potions of curing
 o - a potion of brilliance
 x - a potion of haste
 B - a potion of might
 E - a potion of lignification {unknown}
 F - a potion of heal wounds {unknown}
Comestibles
 f - 13 rations
 I - 9 chunks of flesh


   Skills:
 - Level 2.0 Fighting
 + Level 9.2 Long Blades
 - Level 1.7 Throwing
 - Level 2.6 Dodging


You had 7 spell levels left.
You didn't know any spells.
Your spell library contained the following spells:

 Spells                   Type           Power        Failure   Level  Hunger
 Animate Dead             Necr           N/A          100%        4    #####..
 Pain                     Necr           #...         83%         1    ##.....
 Animate Skeleton         Necr           N/A          83%         1    ##.....
 Vampiric Draining        Necr           #.........   99%         3    ####...
 Regeneration             Chrm/Necr      #.........   99%         3    ####...


Dungeon Overview and Level Annotations

Branches:
Dungeon (6/15)             Temple (0/1) D:5

Altars:
Dithmenos
Elyvilon
Hepliaklqana
Makhleb
Qazlal
Vehumet
Wu Jian

Shops:
D:4 *([!%   D:5 ?

Annotations:
D:4 VincentAMV's ghost, amateur OgBe


Innate Abilities, Weirdness & Mutations

You have hoof-like feet.
You are partially covered in thin metallic scales. (AC +2)
Your flesh is heat resistant. (rF+)
You regenerate a little health from kills.


Message History

The bullfrog hits you but does no damage.
The electric eel shoots out a bolt of lightning at you!
The bolt of electricity hits you!
* * * LOW HITPOINT WARNING * * *
You feel agile all of a sudden.
The bullfrog hits you but does no damage.
The electric eel shoots out a bolt of lightning at you!
The bolt of electricity hits the electric eel.
The electric eel completely resists.
The bolt of electricity hits you!
* * * LOW HITPOINT WARNING * * *
The bullfrog barely misses you.
You feel better.
The electric eel shoots out a bolt of lightning at you!
The bolt of electricity hits the electric eel.
The electric eel completely resists.
The bolt of electricity hits you!
* * * LOW HITPOINT WARNING * * *
The bullfrog hits you but does no damage.
The electric eel shoots out a bolt of lightning at you!
The bolt of electricity hits you!
You die... ''

...≈ ♣...♣≈
♣.♣.♣.♣≈ ##
♣...♣...♣≈
##;≈♣.♣.♣.♣.♣.♣≈≈#
##≈;♣Fs.♣.♣.♣...♣≈≈
#≈≈♣@♣.♣.♣^♣.♣.♣.♣≈
≈♣...♣...♣...♣...♣
+..♣.♣.♣.♣.♣.♣.♣.♣
+...♣.♣.♣.♣.♣.♣.♣.
+..♣.♣.♣.♣.♣.♣.♣.♣.
#≈♣...♣...♣...♣...♣
#≈≈♣.♣.♣.♣.♣.♣.♣.♣≈
##≈≈♣...♣.♣.♣...♣≈≈
##≈≈♣.♣.♣)♣.♣.♣≈≈#


You could see a bullfrog, 2 electric eels and a giant cockroach.

Vanquished Creatures
  A black bear (D:6)
  A phantom (D:5)
  2 ogres
  Blork the orc (D:5)
  A water moccasin zombie (D:5)
  A howler monkey (D:3)
  A bullfrog zombie (D:5)
  2 crimson imps
  A centaur zombie (D:5)
  A bullfrog skeleton (D:5)
  An orc priest (D:5)
  A hound (D:5)
  2 orc wizards
  Natasha (thrice) (D:3)
  2 worker ants
  A hound zombie (D:5)
  5 adders
  An ooze (D:1)
  2 worms (D:3)
  2 dart slugs
  6 leopard geckos
  26 orcs
  A bat (D:1)
  6 giant cockroaches
  4 hobgoblins
  A quokka (D:6)
  4 ball pythons
  6 frilled lizards
  13 goblins
  8 kobolds
  A quokka zombie (D:5)
  10 rats
118 creatures vanquished.

Notes
Turn   | Place    | Note
-------+----------+-------------------------------------------
     0 | D:1      | ohad the Demonspawn Gladiator began the quest for the Orb.
     0 | D:1      | Reached XP level 1. HP: 16/16 MP: 1/1
    61 | D:1      | Reached skill level 3 in Long Blades
   207 | D:1      | Gained mutation: Your flesh is heat resistant. (rF+) [demonic ancestry]
   207 | D:1      | Reached XP level 2. HP: 18/22 MP: 2/2
   433 | D:1      | Gained mutation: You have large cloven feet. [demonic ancestry]
   433 | D:1      | Reached XP level 3. HP: 27/27 MP: 3/3
   698 | D:2      | Reached skill level 4 in Long Blades
  1294 | D:2      | Found a radiant altar of Vehumet.
  1303 | D:2      | Found a stormy altar of Qazlal.
  1743 | D:3      | Reached XP level 4. HP: 27/33 MP: 4/4
  1888 | D:3      | Noticed Natasha
  1897 | D:3      | Killed Natasha
  1897 | D:3      | Reached skill level 5 in Long Blades
  2021 | D:3      | Noticed Natasha
  2027 | D:3      | Killed Natasha
  2027 | D:3      | Gained mutation: You regenerate a little health from kills. [demonic ancestry]
  2027 | D:3      | Reached XP level 5. HP: 32/38 MP: 5/5
  2073 | D:3      | Found a glowing drain.
  2238 | D:3      | Noticed Natasha
  2251 | D:3      | Killed Natasha
  2410 | D:3      | Reached skill level 6 in Long Blades
  2656 | D:4      | Found Vigaxt Cyngo's Distillery.
  2656 | D:4      | Noticed VincentAMV's ghost (amateur OgBe)
  2995 | D:4      | Found Cuprum's Weapon Shop.
  3024 | D:4      | Bought a potion of might for 40 gold pieces
  3024 | D:4      | Bought a potion of agility for 40 gold pieces
  3024 | D:4      | Bought a potion of degeneration for 10 gold pieces
  3034 | D:4      | Found Xeken's Assorted Antiques.
  3040 | D:4      | Found a burning altar of Makhleb.
  3041 | D:4      | Found a hazy altar of Hepliaklqana.
  3041 | D:4      | Found an ornate altar of the Wu Jian Council.
  3042 | D:4      | Found a white marble altar of Elyvilon.
  3055 | D:3      | Reached XP level 6. HP: 20/44 MP: 6/6
  3439 | D:4      | Became a worshipper of Makhleb the Destroyer
  3605 | D:4      | Found Esteseos's Food Shop.
  3658 | D:4      | Found Ykhletwann's Armour Emporium.
  3823 | D:5      | Entered Level 5 of the Dungeon
  3859 | D:5      | Noticed Blork the orc
  3878 | D:5      | Killed Blork the orc
  3986 | D:5      | Reached skill level 7 in Long Blades
  4039 | D:5      | Gained mutation: You have hoof-like feet. [demonic ancestry]
  4039 | D:5      | Reached XP level 7. HP: 50/50 MP: 7/7
  4219 | D:5      | Found a staircase to the Ecumenical Temple.
  4455 | D:5      | Reached skill level 8 in Long Blades
  4577 | D:5      | Found Goutoad's Magic Scroll Shop.
  4582 | D:5      | Bought a scroll of identify for 26 gold pieces
  4582 | D:5      | Bought a scroll of identify for 26 gold pieces
  4582 | D:5      | Bought a scroll of identify for 26 gold pieces
  4702 | D:5      | Found a shadowy altar of Dithmenos.
  5042 | D:6      | Reached skill level 9 in Long Blades
  5042 | D:6      | Gained mutation: You are partially covered in thin metallic scales. (AC +2) [demonic ancestry]
  5042 | D:6      | Reached XP level 8. HP: 55/56 MP: 8/8
  5058 | D:6      | Reached * piety under Makhleb
  5220 | D:6      | Killed from afar by an electric eel

Vault maps used:
D:1:      minmay_arrival_checkered_box
D:2:      amethyst_overflow_temple_binary
D:3:      portal_sewer_entry_a, uniq_natasha
D:4:      chequers_temple_overflow_statue_of_worship, serial_shops,
          kennysheep_mini_moat, shop, shop, shop_fountains,
          nicolae_shop_behind_doors, serial_park_tiny_1
D:5:      minmay_temple_entry_butterflies, basic_altar, first_ration,
          serial_shops, shop, uniq_blork_the_orc
D:6:      portal_sewer_entry_e, kennysheep_cluttered_room, uniq_pikel,
          uniq_edmund, uniq_duvessa

Skill      XL: |  1  2  3  4  5  6  7 |
---------------+----------------------+-----
Long Blades    | 3 4 5 6 7 9 |  9.2
Fighting       | |  2.0
Throwing       | |  1.7
Dodging        | |  2.6

Action                   |  1- 3 |  4- 6 |  7- 9 || total
-------------------------+-------+-------+-------++-------
Melee: Long sword        |    82 |   155 |   134 ||   371
       Kick              |    14 |    48 |    37 ||    99
Throw: Throwing net      |       |     4 |       ||     4
  Use: Scroll            |       |     3 |       ||     3
       Potion            |       |       |     2 ||     2
 Stab: Held in net/web   |       |     2 |       ||     2
  Eat: Chunk             |     1 |     9 |     4 ||    14
Armor: Leather armour    |    14 |       |       ||    14
       Ring mail         |     8 |       |       ||     8
       Scale mail        |     1 |    59 |    47 ||   107
Dodge: Dodged            |    68 |   116 |    63 ||   247
       Rpst.: Long sword |    19 |    35 |    15 ||    69

Table legend:
 A = Spawn XP
 B = Non-spawn XP
 C = Spawn XP percentage of total XP
 D = Spawn monster count
 E = Non-spawn monster count
 F = Spawn count percentage of total count
 G = Total turns spent on level
                    A         B        C        D         E        F      G
               +---------+---------+-------+---------+---------+-------+---------
         Total |       0 |    1560 |   0.0 |       0 |     118 |   0.0 |  5220
               +---------+---------+-------+---------+---------+-------+---------
           D:1 |       0 |      51 |   0.0 |       0 |      25 |   0.0 |   674
           D:2 |       0 |      47 |   0.0 |       0 |      13 |   0.0 |  1060
           D:3 |       0 |     335 |   0.0 |       0 |      41 |   0.0 |  1686
           D:4 |       0 |       6 |   0.0 |       0 |       3 |   0.0 |   403
           D:5 |       0 |     812 |   0.0 |       0 |      28 |   0.0 |  1121
           D:6 |       0 |     309 |   0.0 |       0 |       8 |   0.0 |   276
               +---------+---------+-------+---------+---------+-------+---------
